 Dungeon Crawl Stone Soup version 0.28.0-1-gb440e238dd (webtiles) character file.

Game seed: 9016743933392887990

1424 pkoi the Frost Mage (level 8, -1/57 HPs)
             Began as a Red Draconian Ice Elementalist on Feb 25, 2022.
             Was a Follower of Sif Muna.
             Slain by a wyvern zombie (5 damage)
             ... on level 7 of the Dungeon.
             The game lasted 00:09:07 (7993 turns).

pkoi the Frost Mage (DrIE)                          Turns: 7993, Time: 00:09:07

Health: -1/57      AC:  6    Str: 10    XL:     8   Next: 44%
Magic:  11/11      EV: 12    Int: 18    God:    Sif Muna [*.....]
Gold:   361        SH:  0    Dex: 12    Spells: 4/11 levels left

rFire   + . .      SeeInvis .   o - +0 dagger (speed)
rCold   . . .      Faith    .   (no shield)
rNeg    . . .      Spirit   .   (armour unavailable)
rPois   .          Reflect  .   (helmet restricted)
rElec   .          Harm     .   (no cloak)
rCorr   .          Rampage  .   (no gloves)
Will    .....                   (no boots)
Stlth   ++........              (no amulet)
HPRegen 0.19/turn               (no ring)
MPRegen 0.12/turn               (no ring)

@: no status effects
A: breathe fire, AC +6, unfitting armour, fire resistance 1, cold-blooded
a: Breathe Fire, Renounce Religion, Channel Magic


You were on level 7 of the Dungeon.
You worshipped Sif Muna.
Sif Muna was aware of your devotion.
You visited 2 branches of the dungeon, and saw 8 of its levels.

You collected 361 gold pieces.

Inventory:

Hand Weapons
 c - a +0 dagger
 g - a +0 spear
 o - a +0 dagger of speed (weapon)
Armour
 e - a +0 cloak
Jewellery
 b - a ring of protection from cold
 p - an amulet of guardian spirit
 w - a ring of fire
Wands
 x - a wand of iceblast (13)
Scrolls
 d - 5 scrolls of teleportation {unknown}
 f - 2 scrolls of amnesia {unknown}
 k - a scroll of identify {unknown}
 m - a scroll of silence {unknown}
 q - a scroll of fear {unknown}
 r - a scroll of noise {unknown}
 s - 2 scrolls of blinking {unknown}
 u - a scroll of vulnerability {unknown}
Potions
 a - a potion of degeneration {unknown}
 h - a potion of haste {unknown}
 i - a potion of flight {unknown}
 j - a potion of curing {unknown}
 l - 2 potions of brilliance {unknown}
 n - a potion of might {unknown}
 t - a potion of berserk rage {unknown}
 v - 2 potions of mutation {unknown}


   Skills:
 - Level 1.7 Dodging
 - Level 1.7 Stealth
 - Level 2.0 Spellcasting
 + Level 9.1 Ice Magic
 - Level 3.0 Invocations


You had 4 spell levels left.
You knew the following spells:

 Your Spells              Type           Power      Damage    Failure   Level
a - Freeze                Ice            100%       1d11      1%          1
b - Frozen Ramparts       Ice            68%        1d8       1%          3
c - Ozocubu's Armour      Ice            34%        N/A       1%          3

Your spell library contained the following spells:

 Spells                   Type           Power      Damage    Failure   Level
 Ensorcelled Hibernation  Hex/Ice        36%        N/A       4%          2
 Animate Skeleton         Necr           2%         N/A       19%         1
 Apportation              Tloc           2%         N/A       19%         1
 Sandblast                Erth           2%         2d4       19%         1
 Summon Small Mammal      Summ           4%         N/A       19%         1
 Passwall                 Tmut/Erth      0%         N/A       26%         2
 Hailstorm                Conj/Ice       18%        3d6       28%         4
 Ice Form                 Ice/Tmut       18%        N/A       28%         4
 Summon Ice Beast         Ice/Summ       18%        N/A       28%         4
 Conjure Flame            Conj/Fire      1%         6-21      47%         3
 Ignite Poison            Fire/Tmut/Pois 1%         N/A       47%         3
 Spider Form              Tmut/Pois      1%         N/A       47%         3
 Stone Arrow              Conj/Erth      2%         3d7       47%         3
 Anguish                  Hex/Necr       0%         N/A       87%         4
 Sticky Flame             Conj/Fire      1%         2d3       87%         4
 Simulacrum               Ice/Necr       9%         N/A       99%         6


Dungeon Overview and Level Annotations

Branches:
Dungeon (7/15)             Temple (1/1) D:4

Altars:
Ashenzari
Cheibriados
Dithmenos
Gozag
Hepliaklqana
Makhleb
Okawaru
Qazlal
Sif Muna
Trog
Uskayaw
Vehumet
Wu Jian
Xom
Zin

Annotations:
D:4 3 runed translucent doors, cookedgoose's ghost, amateur HuHu
D:6 3 runed translucent doors, cookedgoose's ghost, novice MfTm


Innate Abilities, Weirdness & Mutations

You can breathe blasts of fire.
Your fiery red scales are hard. (AC +6)
You cannot fit into any form of body armour.
Your flesh is heat resistant. (rF+)
You are cold-blooded and may be slowed by cold attacks.


Message History

The wyvern zombie is lightly damaged.
The wyvern zombie bites you!
* * * LOW HITPOINT WARNING * * *
You hit the wyvern zombie but do no damage.
The wyvern zombie is lightly damaged.
The wyvern zombie bites you.
* * * LOW HITPOINT WARNING * * *
You barely miss the wyvern zombie.
The wyvern zombie is lightly damaged.
The wyvern zombie misses you.
You hit the wyvern zombie.
You tail-slap the wyvern zombie, but do no damage.
The wyvern zombie is moderately damaged.
The wyvern zombie bites you!
* * * LOW HITPOINT WARNING * * *
You barely miss the wyvern zombie.
You tail-slap the wyvern zombie, but do no damage.
The wyvern zombie is moderately damaged.
The wyvern zombie closely misses you.
You barely miss the wyvern zombie.
The wyvern zombie is moderately damaged.
You hit the wyvern zombie but do no damage.
You tail-slap the wyvern zombie.
The wyvern zombie is moderately damaged.
The wyvern zombie barely misses you.
You hit the wyvern zombie but do no damage.
The wyvern zombie is moderately damaged.
The wyvern zombie bites you!
* * * LOW HITPOINT WARNING * * *
You hit the wyvern zombie.
The wyvern zombie is moderately damaged.
The wyvern zombie bites you.
* * * LOW HITPOINT WARNING * * *
You hit the wyvern zombie.
The wyvern zombie is moderately damaged.
The wyvern zombie barely misses you.
You completely miss the wyvern zombie.
The wyvern zombie is moderately damaged.
The wyvern zombie bites you.
You die...

##...# #.#
....# #.#
####.###.##
..#....#
#####..#
#..#
######..#
........#
#######@#
♣Z♣ ♣.....♣
♣.."♣.♣
♣Z♣♣♣ ♣. ♣.
♣. ♣ ♣. ♣.
.#


You could see a wyvern zombie.

Vanquished Creatures
  An ice beast (D:6)
  An ogre (D:6)
  2 necrophages (D:4)
  A kobold brigand (D:6)
  2 bullfrogs
  A wyvern zombie (D:7)
  2 scorpions
  A water moccasin zombie (D:5)
  2 centaur zombies (D:7)
  2 howler monkeys
  A bullfrog zombie (D:6)
  2 bullfrog skeletons
  7 hounds
  An iguana (D:6)
  Jessica (D:2)
  A mummy (D:5)
  5 adders
  A white imp (D:5)
  2 ufetubi (D:4)
  4 worms
  A dart slug (D:1)
  3 orcs
  5 bats
  5 endoplasms
  A giant cockroach (D:2)
  7 goblins
  4 hobgoblins
  2 jackals (D:5)
  8 kobolds
  3 quokkas
  5 ball pythons
  4 frilled lizards
  A hobgoblin zombie (D:5)
  A kobold zombie (D:5)
  2 orc zombies (D:5)
  4 rats
96 creatures vanquished.

Notes
Turn   | Place    | Note
-------+----------+-------------------------------------------
     0 | D:1      | pkoi the Draconian Ice Elementalist began the quest for the
                  | Orb.
     0 | D:1      | Reached XP level 1. HP: 14/14 MP: 3/3
   405 | D:1      | Reached XP level 2. HP: 13/20 MP: 0/5
  1243 | D:2      | Noticed Jessica
  1255 | D:2      | Reached skill level 5 in Ice Magic
  1255 | D:2      | Reached XP level 3. HP: 25/26 MP: 1/6
  1305 | D:2      | Killed Jessica
  1358 | D:2      | Learned a level 3 spell: Frozen Ramparts
  1532 | D:2      | Reached XP level 4. HP: 28/33 MP: 4/7
  1599 | D:2      | Found a faded altar of an unknown god.
  1967 | D:2      | Learned a level 3 spell: Ozocubu's Armour
  2697 | D:3      | Reached skill level 6 in Ice Magic
  2929 | D:3      | Found a bloodstained altar of Trog.
  2929 | D:3      | Found a hazy altar of Hepliaklqana.
  3387 | D:4      | Reached XP level 5. HP: 33/38 MP: 1/8
  3397 | D:4      | Noticed a necrophage
  3481 | D:4      | Noticed a necrophage
  3494 | D:4      | Killed a necrophage
  3495 | D:4      | Reached skill level 7 in Ice Magic
  3837 | D:4      | Found a staircase to the Ecumenical Temple.
  3846 | Temple   | Entered the Ecumenical Temple
  3878 | Temple   | Became a worshipper of Sif Muna the Loreminder
  3939 | D:4      | Noticed an orc warrior
  3942 | D:4      | Found a runed translucent gate.
  3942 | D:4      | Found a runed translucent gate.
  3942 | D:4      | Found a runed translucent gate.
  3943 | D:4      | Noticed cookedgoose's ghost (amateur HuHu)
  4038 | D:4      | Killed a necrophage
  4039 | D:4      | Reached skill level 1 in Invocations
  4039 | D:4      | Reached XP level 6. HP: 44/45 MP: 3/9
  4402 | D:4      | Found an ornate altar of the Wu Jian Council.
  4807 | D:5      | Entered Level 5 of the Dungeon
  5024 | D:5      | Reached skill level 8 in Ice Magic
  5024 | D:5      | Your scales start taking on a fiery red colour.
  5024 | D:5      | Reduced skill Ice Magic to level 6
  5024 | D:5      | Reached XP level 7. HP: 42/50 MP: 4/10
  5024 | D:5      | Gained mutation: Your flesh is heat resistant. (rF+) [Red
                  | Draconian growth]
  5876 | D:5      | Reached * piety under Sif Muna
  5877 | D:5      | Reached skill level 7 in Ice Magic
  6607 | D:6      | Found a snail-covered altar of Cheibriados.
  6872 | D:6      | Reached skill level 8 in Ice Magic
  6988 | D:6      | Found a runed translucent gate.
  6988 | D:6      | Found a runed translucent gate.
  7000 | D:6      | Reached XP level 8. HP: 51/57 MP: 4/11
  7038 | D:6      | Found a runed translucent gate.
  7089 | D:6      | Noticed cookedgoose's ghost (novice MfTm)
  7942 | D:7      | Reached skill level 9 in Ice Magic
  7993 | D:7      | Slain by a wyvern zombie

Illustrated notes

Levels and vault maps discovered:
D:1:      amcnicky_arrival_single_pillar, layout_basic
D:2:      layout_basic, shapermc_ecumenical_altar_venn, uniq_jessica
D:3:      layout_rooms, gammafunk_temple_overflow_elements
D:4:      layout_loops_ring, kennysheep_mini_moat, lemuel_temple_firewalk_a,
          gammafunk_ghost_split
D:5:      layout_loops_corners, minmay_mini_ossuary
D:6:      layout_loops_cross, mainiacjoe_overflow_catwalk, gammafunk_ghost_icy,
          minmay_misc_feat_alley
D:7:      layout_basic, nicolae_yredelemnul_corpse_copse,
          mainiacjoe_overflow_paths, gammafunk_temple_overflow_forgotten,
          uniq_prince_ribbit1
Temple:   minmay_freezing_vapour_temple

Skill      XL: |  1  2  3  4  5  6  7  8 |
---------------+-------------------------+-----
Ice Magic      | 5 6 7 6 8 9 |  9.1
Invocations    | 1 3 |  3.0
Dodging        | |  1.7
Stealth        | |  1.7
Spellcasting   | |  2.0

Action                   |  1- 3 |  4- 6 |  7- 9 || total
-------------------------+-------+-------+-------++-------
Melee: Dagger            |     5 |    16 |   163 ||   184
       Unarmed           |     2 |       |       ||     2
       Spear             |       |    86 |       ||    86
       Tailslap          |       |    12 |    40 ||    52
       Punch             |       |     1 |     4 ||     5
 Cast: Freeze            |    38 |    17 |     7 ||    62
       Frozen Ramparts   |       |    21 |    15 ||    36
       Ozocubu's Armour  |       |    16 |    14 ||    30
 Abil: Breathe Fire      |       |       |     4 ||     4
 Stab: Sleeping          |     1 |     4 |     3 ||     8
Armor: Skin              |     7 |    39 |    55 ||   101
Dodge: Dodged            |    25 |    72 |    90 ||   187
